 Dungeon Crawl Stone Soup version 0.19.0-11-g3fc08b3 (webtiles) character file.

6610 nikopol the Thaumaturge (level 11, -1/54 HPs)
             Began as a Gargoyle Earth Elementalist on Nov 8, 2016.
             Was a Believer of Vehumet.
             Slain by a killer bee (5 damage)
             ... on level 13 of the Dungeon.
             The game lasted 01:15:55 (13436 turns).

nikopol the Thaumaturge (GrEE)                     Turns: 13436, Time: 01:15:56

Health: -1/54      AC:  0    Str: 12    XL:     11   Next: 2%
Magic:  5/25       EV: 16    Int: 19    God:    Vehumet [**....]
Gold:   303        SH:  0    Dex: 10    Spells: 3 memorised, 21 levels left

rFire  . . .     SeeInvis .     (weapon currently unavailable)
rCold  . . .     Gourm    .     (armour currently unavailable)
rNeg   + . .     Faith    .     (shield currently unavailable)
rPois  ∞         Spirit   .     (helmet currently unavailable)
rElec  .         Reflect  .     (cloak currently unavailable)
rCorr  .         Harm     .     (gloves currently unavailable)
MR     .....                    (boots currently unavailable)
Stlth  ++........               Q - amulet of regeneration
                                (ring currently unavailable)
                                (ring currently unavailable)

@: about to teleport, pig-form, slowed
A: negative energy resistance 1, (electricity resistance), (unbreathing),
petrification resistance, rot immunity, AC +7
a: Renounce Religion


You were on level 13 of the Dungeon.
You worshipped Vehumet.
Vehumet was pleased with you.
You were hungry.
You were a filthy swine.
You visited 2 branches of the dungeon, and saw 13 of its levels.
You also visited: Sewer.

You collected 490 gold pieces.
You spent 187 gold pieces at shops.

Inventory:

Hand Weapons
 P - the +9 whip of the Enchanted Forest (melded) {freeze, +Inv rPois rC+ Int+6}
   (You bought it in a shop on level 7 of the Dungeon)

   It has been specially enchanted to freeze those struck by it, causing extra
   injury to most foes and up to half again as much damage against particularly
   susceptible opponents.
   It can also slow down cold-blooded creatures.
   It affects your intelligence (+6).
   It protects you from cold.
   It protects you from poison.
   It lets you turn invisible.
Missiles
 b - 346 stones (quivered)
Armour
 c - a +0 robe (melded)
 i - a +0 cloak (melded)
 p - a +0 shield
 r - a +0 helmet (melded)
 z - a +0 pair of boots (melded)
 W - a +0 pair of gloves (melded)
Jewellery
 D - a +3 ring of strength
 K - a ring of protection from fire (melded)
 Q - an amulet of regeneration (around neck)
 U - a +3 ring of protection (melded)
Wands
 g - a wand of flame (42/48)
 A - a wand of enslavement (11/24)
 G - a wand of disintegration (3/24)
Scrolls
 f - a scroll of magic mapping
 h - a scroll of recharging {unknown}
 j - 3 scrolls of noise {unknown}
 o - 5 scrolls of teleportation
 q - 3 scrolls of amnesia {unknown}
 u - 6 scrolls of remove curse {unknown}
 w - 2 scrolls of random uselessness {unknown}
 x - a scroll of blinking {unknown}
 y - a scroll of enchant armour {unknown}
 B - a scroll of vulnerability {unknown}
 H - a scroll of fear {unknown}
 M - a scroll of enchant weapon {unknown}
 O - 3 scrolls of identify
 T - a scroll of fog {unknown}
Potions
 m - 3 potions of heal wounds
 n - 2 potions of agility
 s - 2 potions of brilliance
 t - 2 potions of might
 v - a potion of cure mutation {unknown}
 E - a potion of magic {unknown}
 F - 2 potions of cancellation
 I - a potion of flight
 J - 2 potions of curing
 N - 2 potions of haste {unknown}
 R - a potion of lignification {unknown}
 X - a potion of resistance {unknown}
Books
 e - a book of Geomancy

   Spells                             Type                      Level
   a - Sandblast                      Earth                        1
   b - Passwall                       Transmutation/Earth          2
   c - Stone Arrow                    Conjuration/Earth            3
   d - Petrify                        Transmutation/Earth          4
   e - Lee's Rapid Deconstruction     Earth                        5
 k - a book of Cantrips

   Spells                             Type                      Level
   a - Confusing Touch                Hexes                        1
   b - Animate Skeleton               Necromancy                   1
   c - Summon Small Mammal            Summoning                    1
   d - Apportation                    Translocation                1
 L - a book of Frost

   Spells                             Type                      Level
   a - Freeze                         Ice                          1
   b - Throw Frost                    Conjuration/Ice              2
   c - Ozocubu's Armour               Charms/Ice                   3
   d - Throw Icicle                   Conjuration/Ice              4
   e - Summon Ice Beast               Ice/Summoning                4
 V - a book of Changes

   Spells                             Type                      Level
   a - Beastly Appendage              Transmutation                1
   b - Sticks to Snakes               Transmutation                2
   c - Spider Form                    Transmutation/Poison         3
   d - Ice Form                       Ice/Transmutation            4
   e - Blade Hands                    Transmutation                5
Comestibles
 a - 7 fruits
 d - 11 bread rations
 l - 8 meat rations
 C - 5 chunks of flesh
 S - a beef jerky


   Skills:
 + Level 3.5 Maces & Flails
 * Level 4.7 Dodging
 - Level 2.1 Stealth
 + Level 4.0 Shields
 * Level 10.4 Spellcasting
 - Level 3.7 Conjurations
   Level 0.7 Transmutations
 + Level 10.0 Earth Magic
 + Level 3.1 Evocations


You had 21 spell levels left.
You knew the following spells:

 Your Spells              Type           Power        Failure   Level  Hunger
a - Sandblast             Erth           #####.       1%          1    None
b - Stone Arrow           Conj/Erth      #####.       1%          3    None
c - Lee's Rapid Deconstr  Erth           #####.....   3%          5    #####..


Dungeon Overview and Level Annotations

Branches:
Dungeon (11/15)            Temple (1/1) D:5
   Lair: D:8-11         Orc: D:9-12

Altars:
Ashenzari
Cheibriados
Dithmenos
Elyvilon
Fedhas
Gozag
Hepliaklqana
Kikubaaqudgha
Makhleb
Nemelex Xobeh
Okawaru
Qazlal
Ru
Sif Muna
Trog
Uskayaw
Vehumet
Xom
Yredelemnul
Zin
The Shining One

Shops:
D:4 }   D:5 %   D:7 **

Annotations:
D:13 Kirke


Innate Abilities, Weirdness & Mutations

You are resistant to torment.
((Your stone body is resilient. (AC +7)))
You are immune to poison.
You resist negative energy. (rN+)
((You are resistant to electric shocks. (rElec)))
((You can survive without breathing.))
You are immune to petrification.
You are immune to rotting.


Message History

Your +0 robe melds into your body.
Your +3 ring of protection melds into your body.
Your ring of protection from fire melds into your body.
The +9 whip of the Enchanted Forest {freeze, +Inv rPois rC+ Int+6} stops glowing.
You hear a shout!
As you read the scroll labeled PIS INI EPSI, it crumbles to dust.
You feel strangely unstable.
It was a scroll of teleportation.
The killer bee closely misses you. The killer bee stings you!
Something hits you. The killer bee stings you.
You can't do that in your present form.
You miss the killer bee.
The killer bee is heavily wounded.
The killer bee misses you. The killer bee stings you. Something hits you!
* * * LOW HITPOINT WARNING * * *
The killer bee barely misses you. Something hits you!
* * * LOW HITPOINT WARNING * * *
An orc comes into view. It is wielding a dagger.
The killer bee closely misses you. x2; The orc moves out of view.
Something barely misses you. The killer bee stings you.
You die... #.# ##.# ...# .a# hh#

#h# #{# #h#
################y#
...............ly#
.......?...T...Za#
.................#
............$....#
.................#
..(..............#
.................#


You could see 3 hogs, a wyvern, 2 worker ants, 2 killer bees and a centaur
warrior skeleton.

Vanquished Creatures
  A troll (D:10)
  A merfolk (D:9)
  Grinder (D:4)
  A hippogriff (D:8)
  2 hogs (D:13)
  A wyvern (D:10)
  A hungry ghost (D:10)
  5 orc warriors
  2 ice beasts
  An ogre (D:4)
  2 sky beasts
  4 centaurs
  A crocodile (D:9)
  3 big kobolds
  8 bullfrogs
  3 scorpions
  A water moccasin skeleton (D:7)
  2 jellies
  13 killer bees
  9 wights
  An electric eel (D:7)
  A bullfrog zombie (D:6)
  A centaur zombie (D:10)
  4 crimson imps
  3 bullfrog skeletons
  A quasit (D:9)
  5 orc priests
  9 hounds
  16 orc wizards
  A centaur skeleton (D:6)
  5 iguanas
  Ijyb (D:2)
  8 worker ants
  2 hound zombies
  2 howler monkey zombies
  6 gnolls
  17 adders
  A river rat (Sewer)
  An adder skeleton (D:7)
  3 dart slugs
  6 leopard geckos
  53 orcs
  3 ball pythons
  11 bats
  8 giant cockroaches
  6 goblins
  7 hobgoblins
  10 jackals
  16 kobolds
  A quokka (D:7)
  3 frilled lizards
  2 jackal skeletons
  A quokka skeleton (D:4)
  7 rats
284 creatures vanquished.

Notes
Turn   | Place    | Note
-------+----------+-------------------------------------------
     0 | D:1      | nikopol the Gargoyle Earth Elementalist began the quest for the Orb.
     0 | D:1      | Reached XP level 1. HP: 10/10 MP: 3/3
   160 | D:1      | Reached XP level 2. HP: 15/15 MP: 1/5
   559 | D:1      | Reached XP level 3. HP: 19/19 MP: 7/7
   741 | D:2      | Learned a level 3 spell: Stone Arrow
   779 | D:2      | Noticed Ijyb
   798 | D:2      | Killed Ijyb
   798 | D:2      | Reached XP level 4. HP: 22/24 MP: 1/9
  1355 | D:2      | Found a snail-covered altar of Cheibriados.
  1806 | D:3      | Found an ancient bone altar of Kikubaaqudgha.
  1844 | D:3      | Found a shattered altar of Ashenzari.
  1848 | D:3      | Saw a vision of the Shoals and the Snake Pit.
  1848 | D:3      | Noticed a siren
  1848 | D:3      | Noticed a hippogriff
  1848 | D:3      | Noticed a merfolk
  1848 | D:3      | Noticed a merfolk
  1848 | D:3      | Noticed a hippogriff
  1848 | D:3      | Noticed a mana viper
  1848 | D:3      | Noticed a naga ritualist
  1848 | D:3      | Noticed a naga
  1848 | D:3      | Noticed a naga
  1848 | D:3      | Noticed a naga mage
  1849 | D:3      | Noticed a naga
  1849 | D:3      | Noticed an anaconda
  1850 | D:3      | Noticed a shock serpent
  1850 | D:3      | Noticed a black mamba
  1867 | D:3      | Reached XP level 5. HP: 28/28 MP: 7/11
  2631 | D:3      | Reached skill level 5 in Earth Magic
  2875 | D:4      | Reached XP level 6. HP: 32/32 MP: 6/13
  2879 | D:4      | Noticed Grinder
  3014 | D:4      | Learned a level 5 spell: Lee's Rapid Deconstruction
  3042 | D:4      | Reached skill level 5 in Spellcasting
  3049 | D:4      | Found Keusocal's Gadget Emporium.
  3243 | D:4      | Found a glowing drain.
  3256 | Sewer    | Entered a sewer
  3614 | Sewer    | Found a white marble altar of Elyvilon.
  3734 | D:4      | Reached XP level 7. HP: 29/36 MP: 15/15
  4062 | D:4      | Killed Grinder
  4543 | D:5      | Entered Level 5 of the Dungeon
  4572 | D:5      | Reached XP level 8. HP: 30/41 MP: 3/18
  5300 | D:5      | Found Xeaclaz's Food Emporium.
  5397 | D:5      | Found a staircase to the Ecumenical Temple.
  5903 | D:6      | Found a blossoming altar of Fedhas.
  6998 | D:6      | Reached XP level 9. HP: 38/45 MP: 17/21
  8230 | D:6      | Found a glowing golden altar of the Shining One.
  8392 | D:7      | Found Syupun's Assorted Antiques.
  8397 | D:7      | Bought a polished whip for 187 gold pieces
  8398 | D:7      | Identified the +9 whip of the Enchanted Forest {freeze, +Inv rPois rC+ Int+6} (You bought it in a shop on level 7 of the Dungeon)
  8460 | D:7      | You fall through a shaft!
  8588 | D:7      | Reached skill level 1 in Shields
  8589 | D:7      | Reached skill level 1 in Maces & Flails
  8589 | D:7      | Reached skill level 1 in Evocations
  8591 | D:7      | Reached skill level 1 in Conjurations
  8781 | D:7      | Found a burning altar of Makhleb.
  8785 | D:7      | Found a shadowy altar of Dithmenos.
  9025 | D:7      | Found Pasche's General Store.
  9266 | Temple   | Entered the Ecumenical Temple
  9282 | Temple   | Became a worshipper of Vehumet
  9882 | D:8      | Reached XP level 10. HP: 50/50 MP: 4/23
 11072 | D:8      | Reached * piety under Vehumet
 11072 | D:8      | Offered knowledge of Magic Dart by Vehumet.
 11548 | D:9      | Found a hide-covered altar of Uskayaw.
 11833 | D:9      | Reached skill level 10 in Spellcasting
 12540 | D:9      | Reached ** piety under Vehumet
 12711 | D:10     | Entered Level 10 of the Dungeon
 12721 | D:9      | Offered knowledge of Shock by Vehumet.
 13412 | D:11     | You fall through a shaft for 2 floors!
 13422 | D:13     | Noticed Kirke
 13425 | D:13     | Reached skill level 10 in Earth Magic
 13426 | D:13     | Reached XP level 11. HP: 40/54 MP: 11/25
 13436 | D:13     | Slain by a killer bee

Skill      XL: |  1  2  3  4  5  6  7  8  9 10 11 |
---------------+----------------------------------+-----
Earth Magic    | 4 5 6 8 9 10 | 10.0
Spellcasting   | 3 4 5 6 8 9 10 | 10.4
Dodging        | 3 4 |  4.7
Shields        | 2 3 4 |  4.0
Maces & Flails | 2 3 |  3.5
Evocations     | 1 3 |  3.1
Conjurations   | 1 3 |  3.7
Stealth        | |  2.1
Transmutations | |  0.7

Action                   |  1- 3 |  4- 6 |  7- 9 | 10-12 || total
-------------------------+-------+-------+-------+-------++-------
Melee: Dagger            |     8 |    10 |       |       ||    18
       Whip              |    35 |    45 |   149 |   107 ||   336
       Unarmed           |       |       |       |     1 ||     1
 Cast: Sandblast         |    34 |   140 |   252 |    58 ||   484
       Stone Arrow       |       |     1 |    29 |    39 ||    69
       Lee's Rapid Decon |       |       |    11 |    24 ||    35
Evoke: Wand              |       |       |       |     1 ||     1
  Use: Scroll            |       |     5 |       |     6 ||    11
       Potion            |       |     1 |     1 |       ||     2
 Stab: Sleeping          |     1 |       |       |       ||     1
  Eat: Chunk             |       |     9 |    19 |    11 ||    39
       Pizza             |       |       |     1 |       ||     1
       Beef jerky        |       |       |       |     3 ||     3
Armor: Robe              |    21 |    57 |   147 |   123 ||   348
Dodge: Dodged            |    50 |    91 |   202 |   206 ||   549
